 Dungeon Crawl Stone Soup version 0.30-a0-719-gcc4359ea44 (webtiles) character file.

Game seed: 6840402278284375045

47651 DeathSun the Bludgeoner (level 14, -2/133 HPs)
             Began as a Minotaur Fighter on Jan 20, 2023.
             Was a High Priest of Qazlal.
             Slain by a goliath frog (21 damage)
             ... on level 1 of the Swamp on Jan 26, 2023.
             The game lasted 00:58:19 (20491 turns).

DeathSun the Bludgeoner (Minotaur Fighter)         Turns: 20491, Time: 00:58:19

Health: -2/133     AC:  4    Str: 26    XL:     14   Next: 9%
Magic:  22/22      EV: 10    Int:  5    God:    Qazlal [*****.]
Gold:   582        SH:  6    Dex: 12    Spells: 13/13 levels left

rFire   + . .      SeeInvis .    c - +3 eveningstar (heavy)
rCold   + + .      Faith    +    (no shield)
rNeg    . . .      Spirit   .    S - +4 ring mail of Distant Worlds {Str+2 Slay+3}
rPois   .          Reflect  .    (helmet restricted)
rElec   .          Harm     .    Z - scarf {rC+ rF+}
rCorr   .          Rampage  .    i - +0 pair of gloves
Will    +....                    I - +3 pair of mountain boots {steadfast, rC+}
Stlth   +                        X - amulet of faith
HPRegen 0.42/turn                u - +4 ring of slaying
MPRegen 0.18/turn                W - +4 ring of slaying

@: corroded, repel missiles
A: horns 2, retaliatory headbutt
a: Renounce Religion, Upheaval, Elemental Force, Disaster Area


You were on level 1 of the Swamp.
You worshipped Qazlal.
Qazlal was extremely pleased with you.
You visited 4 branches of the dungeon, and saw 17 of its levels.

You collected 1102 gold pieces.
You spent 520 gold pieces at shops.

Inventory:

Hand Weapons
 c - a +3 heavy eveningstar (weapon)
Missiles
 r - a throwing net
 J - 17 poisoned darts (quivered)
Armour
 i - a +0 pair of gloves (worn)
 n - +0 swamp dragon scales
 I - the +3 pair of mountain boots (worn) {steadfast, rC+}
   (You acquired it on level 5 of the Lair of Beasts)

   Steadfast: It prevents involuntary movement, except for blinking,
   teleportation, or banishment.
   rC:        It protects you from cold.
 S - the +4 ring mail of Distant Worlds (worn) {Str+2 Slay+3}
   (You found it on level 9 of the Dungeon)

   Str:       It affects your strength (+2).
   Slay:      It affects your accuracy & damage with ranged weapons and melee
   (+3).
 Z - a scarf of resistance (worn)
Jewellery
 e - a ring of willpower
 u - a +4 ring of slaying (left hand)
 C - a ring of protection from fire
 E - a +6 ring of intelligence
 F - a ring of positive energy
 G - a ring of protection from cold
 U - a ring of resist corrosion
 W - a +4 ring of slaying (right hand)
 X - an amulet of faith (around neck)
Wands
 a - a wand of mindburst (7)
 h - a wand of light (15)
 l - a wand of digging (2)
 K - a wand of flame (39)
 N - a wand of iceblast (19)
 T - a wand of paralysis (11)
Scrolls
 j - 6 scrolls of teleportation
 k - 2 scrolls of identify
 p - 5 scrolls of blinking
 t - 3 scrolls of fog
 v - 2 scrolls of poison
 x - 3 scrolls of immolation
 y - 3 scrolls of fear
 A - 2 scrolls of enchant armour {unknown}
 H - a scroll of magic mapping {unknown}
 M - a scroll of vulnerability
 P - 2 scrolls of torment {unknown}
 V - a scroll of summoning {unknown}
Potions
 b - 2 potions of resistance
 d - 2 potions of might
 f - 2 potions of haste
 g - 2 potions of mutation
 m - a potion of ambrosia {unknown}
 o - 7 potions of curing
 q - a potion of degeneration {unknown}
 s - 5 potions of magic
 w - 6 potions of heal wounds
 z - 2 potions of lignification {unknown}
 B - 2 potions of flight {unknown}
 R - a potion of brilliance {unknown}
Miscellaneous
 Q - a tin of tremorstones (2/2)


   Skills:
 * Level 14.6 Fighting
 - Level 16.0 Maces & Flails
 - Level 6.0 Throwing
 - Level 8.0 Armour
 - Level 3.7 Shields
 * Level 13.1 Invocations
 - Level 7.0 Evocations


You had 13 spell levels left.
You didn't know any spells.
Your spell library contained the following spells:

 Spells                   Type           Power      Damage    Failure   Level
 Foxfire                  Conj/Fire      0%         2x1d4     58%         1
 Magic Dart               Conj           0%         1d3       58%         1
 Necrotise                Necr           0%         1d4       58%         1
 Cigotuvi's Dreadful Rot  Necr/Pois/Air  0%         N/A       75%         2
 Ensorcelled Hibernation  Hex/Ice        0%         N/A       75%         2
 Lesser Beckoning         Tloc           0%         N/A       75%         2
 Passwall                 Tmut/Erth      0%         N/A       75%         2
 Searing Ray              Conj           0%         2d4       75%         2
 Call Canine Familiar     Summ           0%         N/A       92%         3
 Gell's Gravitas          Tloc           0%         N/A       92%         3
 Portal Projectile        Hex/Tloc       0%         N/A       92%         3
 Swiftness                Air            0%         N/A       92%         3
 Teleport Other           Tloc           0%         N/A       92%         3
 Vampiric Draining        Necr           0%         2d6       92%         3
 Dispel Undead            Necr           0%         3d6       100%        4
 Fulminant Prism          Conj/Hex       0%         3d5       100%        4
 Leda's Liquefaction      Hex/Erth       0%         N/A       100%        4
 Agony                    Necr           0%         N/A       100%        5
 Fireball                 Conj/Fire      0%         3d3       100%        5
 Iskenderun's Battlesphe  Conj           0%         2d6       100%        5
 Death Channel            Necr           0%         N/A       100%        6
 Iron Shot                Conj/Erth      0%         9d1       100%        6
 Starburst                Conj/Fire      0%         6d3       100%        6
 Spellforged Servitor     Conj/Summ      0%         N/A       100%        7


Dungeon Overview and Level Annotations

Branches:
Dungeon (10/15)            Temple (1/1) D:5            Lair (5/5) D:8
  Swamp (1/4) Lair:3        Snake (0/4) Lair:3        Slime (0/5) Lair:4
    Orc (0/2) D:10

Altars:
Ashenzari
Cheibriados
Dithmenos
Elyvilon
Fedhas
Gozag
Hepliaklqana
Kikubaaqudgha
Nemelex Xobeh
Okawaru
Qazlal
Ru
Sif Muna
Trog
Uskayaw
Vehumet
Wu Jian
Xom
Yredelemnul
Zin
Jiyva

Shops:
D:4 =   D:5 =


Innate Abilities, Weirdness & Mutations

You have a pair of horns on your head.
You reflexively headbutt those who attack you in melee.


Message History

You hear a roar!
A goliath frog comes into view.
The goliath frog hits you but does no damage.
You enter the shallow water.
Moving in this stuff is going to be slow.
The goliath frog hits you!
You are splashed with acid.
You see here a +0 spear.
The goliath frog attacks as you move away!
The goliath frog hits you!
You are splashed with acid!
You block the goliath frog's attack. x2
You enter the shallow water.
Moving in this stuff is going to be slow.
The goliath frog completely misses you. The goliath frog closely misses you.
The goliath frog barely misses you.
There is a stone staircase leading down here.
The goliath frog barely misses you.
Your protection from physical attacks is fading.
You block the goliath frog's attack.
You feel less protected from physical attacks.
The goliath frog hits you from afar! The acid corrodes you!
You are splashed with acid!
You enter the shallow water.
Moving in this stuff is going to be slow.
You enter the shallow water.
Moving in this stuff is going to be slow.
You hear a roar!
You block the goliath frog's attack. The goliath frog hits you from afar.
The acid corrodes you!
You are splashed with acid!
You enter the shallow water.
Moving in this stuff is going to be slow.
You hear a roar!
You block the goliath frog's attack. The goliath frog hits you from afar!
* * * LOW HITPOINT WARNING * * *
The acid corrodes you!
You are splashed with acid!
* * * LOW HITPOINT WARNING * * *
The goliath frog hits you from afar!!
You die...

..~.♣.♣♣♣ ♣
♣.~~~♣..♣ ♣♣
♣.~~♣~.~♣♣♣ ♣.
♣..~§~~~§.♣♣ ♣♣.
♣.~~~~.♣♣.♣ ♣♣..
♣>.~.~.♣♣.♣♣ ♣...
♣♣°○.~~♣...♣♣♣♣.♣.
♣.§~..§.....~...~.
♣@○F§~.~~..~~~~>~.
♣÷☼§°~§~~.~~~~~..~
♣.~○♣~~§~.~~~~~~~~
♣..§~~~.~......~.~
♣.~.~§~~~~~~~~.~.~
♣♣§~.~~~§~§...♣~..~
♣.♣...~~§..♣~~~~~~~
♣♣....~~~.♣~~.....~
♣...♣..~...~.♣♣♣♣~


You could see a goliath frog.

Vanquished Creatures
  Rupert (Lair:5)
  A fire dragon (Lair:5)
  Fannar (Lair:1)
  7 hydras
  A two-headed ogre (D:10)
  2 boulder beetles
  An alligator (Swamp:1)
  The ghost of Querens the Unseen, a journeyman SpEn of Wu Jian (Lair:2)
  2 spriggans (Swamp:1)
  A fire crab (Lair:5)
  2 bog bodies
  2 oklob plants (Lair:4)
  The ghost of alpinistek the Cudgeller, a novice GrEE (D:5)
  9 elephants
  5 black mambas (Lair:5)
  5 cane toads
  2 molten gargoyles (Lair:5)
  4 rime drakes
  17 komodo dragons
  Grinder (D:5)
  A polar bear (Lair:4)
  3 hornets
  31 blink frogs
  32 yaks
  A wraith (D:9)
  6 wyverns
  8 basilisks
  2 steam dragons (Lair:5)
  Eustachio (D:6)
  2 swamp worms
  2 nagas (Lair:3)
  14 water moccasins
  5 hell hounds (Lair:5)
  2 hydra simulacra (Lair:2)
  A sky beast (D:6)
  3 orc warriors
  2 ice beasts
  3 ogres
  2 centaurs
  A black bear (D:5)
  22 wolves
  A phantom (D:6)
  2 kobold brigands (D:8)
  7 bullfrogs
  5 necrophages
  A gnoll sergeant (D:8)
  3 scorpions (D:5)
  A cane toad simulacrum (Lair:2)
  9 wights
  5 killer bees (D:10)
  2 electric eels (Lair:1)
  4 howler monkeys
  A rime drake simulacrum (Lair:2)
  5 lava snakes (Lair:5)
  A wyvern simulacrum (Lair:2)
  3 hounds
  2 jellies (D:5)
  3 orc priests
  3 gnoll boudas
  5 iguanas
  2 orc wizards
  2 basilisk simulacra (Lair:2)
  17 gnolls
  2 adders (D:4)
  2 shadow imps (D:5)
  4 ufetubi
  3 worms
  2 dart slugs (D:4)
  27 orcs
  11 endoplasms
  3 giant cockroaches
  9 goblins
  8 hobgoblins
  4 jackals (D:5)
  4 quokkas
  11 ball pythons
  2 bats
  3 frilled lizards (D:1)
  17 kobolds
  3 rats
409 creatures vanquished.

Vanquished Creatures (others)
  A ball python (D:3)
  2 bushes
  26 fungi
  60 plants
  A withered plant (D:1)
90 creatures vanquished.

Grand Total: 499 creatures vanquished

Notes
Turn   | Place    | Note
-------+----------+-------------------------------------------
     0 | D:1      | DeathSun the Minotaur Fighter began the quest for the Orb.
     0 | D:1      | Reached XP level 1. HP: 19/19 MP: 0/0
   290 | D:1      | Reached XP level 2. HP: 27/27 MP: 1/1
   329 | D:1      | Reached skill level 3 in Maces & Flails
   421 | D:1      | Found a faded altar of an unknown god.
   868 | D:1      | Reached XP level 3. HP: 33/33 MP: 2/2
   968 | D:2      | Reached skill level 4 in Maces & Flails
  1853 | D:3      | Found a white marble altar of Elyvilon.
  1901 | D:3      | Reached XP level 4. HP: 18/40 MP: 3/3
  1908 | D:3      | Reached skill level 5 in Maces & Flails
  3058 | D:4      | Noticed an ogre
  3129 | D:3      | Reached skill level 6 in Maces & Flails
  3129 | D:3      | Reached XP level 5. HP: 43/46 MP: 4/4
  3339 | D:4      | Found Sixkod's Jewellery Shop.
  3710 | D:4      | Found a sacrificial altar of Ru.
  3846 | D:5      | Entered Level 5 of the Dungeon
  3854 | D:5      | Reached skill level 7 in Maces & Flails
  3854 | D:5      | Reached XP level 6. HP: 47/52 MP: 5/5
  3951 | D:5      | Found a shadowy altar of Dithmenos.
  3962 | D:5      | Found Wyck's Jewellery Boutique.
  3988 | D:5      | Reached skill level 8 in Maces & Flails
  4124 | D:5      | Reached skill level 9 in Maces & Flails
  4124 | D:5      | Reached XP level 7. HP: 58/58 MP: 6/6
  4190 | D:5      | Found a runed translucent door.
  4191 | D:5      | Noticed alpinistek's ghost (novice GrEE)
  4237 | D:6      | Reached skill level 10 in Maces & Flails
  4439 | D:6      | Noticed Eustachio
  4481 | D:6      | Killed Eustachio
  4547 | D:5      | Reached skill level 11 in Maces & Flails
  4624 | D:5      | Reached XP level 8. HP: 66/66 MP: 7/7
  4910 | D:5      | Found a basalt altar of Yredelemnul.
  4951 | D:5      | Found a staircase to the Ecumenical Temple.
  4957 | D:5      | Noticed Grinder
  4958 | D:5      | Paralysed by Grinder for 3 turns
  4962 | Temple   | Entered the Ecumenical Temple
  4967 | Temple   | Became a worshipper of Qazlal Stormbringer
  5000 | D:5      | Killed Grinder
  5001 | D:5      | Reached skill level 12 in Maces & Flails
  5653 | D:6      | Reached skill level 13 in Maces & Flails
  6715 | D:4      | Reached skill level 14 in Maces & Flails
  6715 | D:4      | Reached XP level 9. HP: 71/71 MP: 8/8
  6758 | D:4      | Found a snail-covered altar of Cheibriados.
  6798 | D:4      | Reached skill level 1 in Invocations
  7060 | D:6      | Identified the +2 robe of the Valley of Death {Regen+}
  7373 | D:7      | Reached skill level 5 in Fighting
  7594 | D:7      | Reached skill level 1 in Throwing
  8117 | D:7      | Reached * piety under Qazlal
  8652 | D:8      | Found a staircase to the Lair.
  8723 | D:8      | Found an opulent altar of Gozag.
  8909 | D:8      | Identified the +5 spear "Sachigic" {protect, rF+ rC- rN+
                  | SInv}
  9082 | D:8      | Found a sparkling altar of Nemelex Xobeh.
  9087 | D:8      | Found a shimmering altar of Xom.
  9088 | D:8      | Found a shimmering altar of Xom.
  9101 | D:8      | Found a shimmering altar of Xom.
  9101 | D:8      | Found a shimmering altar of Xom.
  9108 | D:8      | Reached XP level 10. HP: 86/86 MP: 11/11
  9455 | D:9      | Reached skill level 15 in Maces & Flails
  9481 | D:9      | Found a radiant altar of Vehumet.
  9507 | D:9      | Found a bloodstained altar of Trog.
  9563 | D:9      | Identified the +4 ring mail of Distant Worlds {Str+2
                  | Slay+3}
  9683 | D:9      | Found a blossoming altar of Fedhas.
  9793 | D:9      | Found an ornate altar of the Wu Jian Council.
  9824 | D:10     | Entered Level 10 of the Dungeon
  9861 | D:10     | Upgraded the game from 0.30-a0-694-g3340775977 to
                  | 0.30-a0-718-geaa24f58ff
  9897 | D:10     | Reached ** piety under Qazlal
 10086 | D:10     | Found a staircase to the Orcish Mines.
 10249 | D:10     | Found an iron altar of Okawaru.
 10399 | D:10     | Found a hazy altar of Hepliaklqana.
 10460 | D:10     | Noticed a two-headed ogre
 10474 | D:10     | Killed a two-headed ogre
 10795 | Lair:1   | Entered Level 1 of the Lair of Beasts
 10889 | Lair:1   | Reached skill level 5 in Invocations
 10982 | Lair:1   | Reached XP level 11. HP: 99/99 MP: 13/13
 11038 | Lair:1   | Reached skill level 10 in Fighting
 11288 | Lair:1   | Noticed Fannar
 11302 | Lair:1   | Killed Fannar
 11303 | Lair:1   | Reached skill level 16 in Maces & Flails
 11370 | Lair:1   | Reached skill level 5 in Throwing
 12259 | Lair:2   | Upgraded the game from 0.30-a0-718-geaa24f58ff to
                  | 0.30-a0-719-gcc4359ea44
 12263 | Lair:3   | Noticed a five-headed hydra
 12554 | Lair:3   | Killed a five-headed hydra
 12554 | Lair:3   | Noticed a boulder beetle
 12576 | Lair:3   | Killed a boulder beetle
 12955 | Lair:3   | Noticed a bog body
 12974 | Lair:3   | Killed a bog body
 13027 | Lair:3   | Found a staircase to the Swamp.
 13068 | Lair:2   | Identified the +3 quarterstaff of Temperance {elec, rF+
                  | Int+3}
 13176 | Lair:2   | Reached skill level 10 in Invocations
 13179 | Lair:2   | Reached skill level 1 in Evocations
 13182 | Lair:2   | Reached XP level 12. HP: 90/106 MP: 18/18
 13187 | Lair:2   | Reached *** piety under Qazlal
 13191 | Lair:2   | Reached skill level 5 in Armour
 13658 | Lair:2   | Found a runed translucent gate.
 13658 | Lair:2   | Found a runed translucent gate.
 13658 | Lair:2   | Found a runed translucent gate.
 13726 | Lair:2   | Noticed Querens's ghost (journeyman SpEn)
 14142 | D:5      | Bought an amulet of faith for 520 gold pieces
 14172 | D:5      | Killed alpinistek's ghost
 14693 | Lair:2   | Killed Querens's ghost
 15533 | Lair:3   | Found a staircase to the Snake Pit.
 15664 | Lair:3   | Reached **** piety under Qazlal
 16242 | Lair:4   | Found a staircase to the Slime Pits.
 17074 | Lair:4   | Found an ornate altar of the Wu Jian Council.
 17074 | Lair:4   | Found a hide-covered altar of Uskayaw.
 17074 | Lair:4   | Noticed a boulder beetle
 17097 | Lair:4   | Killed a boulder beetle
 17467 | Lair:4   | Reached skill level 5 in Evocations
 17544 | Lair:4   | Found a viscous altar of Jiyva.
 17616 | Lair:5   | Entered Level 5 of the Lair of Beasts
 17624 | Lair:5   | Reached XP level 13. HP: 118/118 MP: 20/20
 18219 | Lair:5   | Found an ornate altar of the Wu Jian Council.
 18738 | Lair:5   | Identified 2 scrolls of acquirement
 18751 | Lair:5   | Acquired a +0 eveningstar of distortion
 18753 | Lair:5   | Acquired the +3 pair of mountain boots {steadfast, rC+}
 18753 | Lair:5   | Found the +3 pair of mountain boots {steadfast, rC+}
 19111 | Lair:5   | Noticed Rupert
 19116 | Lair:5   | Killed Rupert
 19583 | Lair:5   | Found a large runed translucent door.
 19584 | Lair:5   | Found a large runed translucent door.
 19587 | Lair:5   | Reached ***** piety under Qazlal
 19735 | Lair:5   | Noticed a fire dragon
 19908 | Lair:5   | Killed a fire dragon
 20135 | Swamp:1  | Entered Level 1 of the Swamp
 20309 | Swamp:1  | Reached XP level 14. HP: 114/133 MP: 22/22
 20491 | Swamp:1  | Slain by a goliath frog

Illustrated notes

Levels and vault maps discovered:
D:1:      psy_arrival_dodecagon, layout_loops_corners,
          shapermc_ecumenical_altar_flowoftime
D:2:      layout_loops_corners, corner_web_ring
D:3:      layout_basic, elyvilon_altar_4, guppyfry_early_orc_mine
D:4:      layout_loops_cross, mainiacjoe_overflow_24_doors,
          nicolae_ru_path_of_blood, serial_shops, shop,
          chequers_serial_rivers_micro_e
D:5:      layout_gridville, lemuel_crystal_altar,
          grunt_dithmenos_smoke_and_mirrors, minmay_temple_entry_grid,
          serial_shops, shop, ebering_ghost_reflecting_pool,
          kennysheep_generic_room_7, uniq_grinder
D:6:      layout_cave_pods, uniq_eustachio
D:7:      minmay_general_purpose_star, layout_basic, marbit_many_paths,
          st_stairs_2
D:8:      layout_loops_corners, kennysheep_mini, kennysheep_mini_moat,
          xom_shifter_show, lair_entry_dummy, chequers_mini_garden
D:9:      layout_rooms, trog_three_pillars_becter, general_overflow_altar,
          fedhas_ov_isle_minmay, lemuel_crystal_altar
D:10:     layout_irregular_city, lemuel_crystal_altar,
          mainiacjoe_overflow_boulevard, orc_0_dummy
Temple:   nicolae_temple_ecumenical_triangle
Lair:1:   layout_loops_ring, beast_lair_carwin_7, infiniplex_staircase_pool,
          lemuel_fruit_fields, serial_bayou_shore_a, lemuel_fruit_tree,
          uniq_fannar
Lair:2:   layout_chaotic_city, gammafunk_ghost_icy, grunt_megastairs_1,
          lemuel_fruit_fields
Lair:3:   layout_regular_city, skrybe_swamp_entry_bodies,
          guppyfry_snake_entry_garden, chequers_serial_rivers_room_a
Lair:4:   layout_roguey, minmay_slime_entry_oklob_open,
          nzn_masters_of_martial_movement
Lair:5:   cheibrodos_lair_end_hotspot, layout_concentric_octagons, basic_altar,
          uniq_rupert
Swamp:1:  layout_falls_marsh, evilmike_swamp_ruin_house_6, swamp_pool5,
          cheibrodos_swamp_minitomb

Skill      XL: |  1  2  3  4  5  6  7  8  9 10 11 12 13 |
---------------+----------------------------------------+-----
Maces & Flails | 3 4 6 7 9 11 14 15 16 | 16.0
Fighting       | 7 9 10 12 14 | 14.6
Invocations    | 3 5 10 11 13 | 13.1
Throwing       | 2 4 6 |  6.0
Armour         | 4 7 8 |  8.0
Evocations     | 1 5 7 |  7.0
Shields        | |  3.7

Action                     |  1- 3 |  4- 6 |  7- 9 | 10-12 | 13-15 || total
---------------------------+-------+-------+-------+-------+-------++-------
  Melee: Flail             |    96 |    74 |   168 |       |       ||   338
         Headbutt          |    16 |    13 |    47 |    58 |    34 ||   168
         Morningstar       |       |       |    62 |   292 |    64 ||   418
         Punch             |       |       |       |     3 |     1 ||     4
         Eveningstar       |       |       |       |       |    93 ||    93
  Throw: Dart              |       |       |       |    29 |       ||    29
         Throwing net      |       |       |       |     2 |       ||     2
 Invoke: Upheaval          |       |       |       |     7 |     1 ||     8
    Use: Scroll            |       |       |     9 |    13 |    10 ||    32
         Potion            |       |       |     1 |       |     2 ||     3
   Stab: Held in net/web   |       |       |       |     1 |       ||     1
 Armour: Scale mail        |    26 |       |       |       |       ||    26
         Swamp dragon scal |    13 |    21 |    65 |    29 |       ||   128
         Ring mail         |       |       |       |   103 |    75 ||   178
  Dodge: Dodged            |    38 |    29 |    92 |   122 |    88 ||   369
         Repelled          |       |       |       |       |     5 ||     5
  Block: Buckler           |    23 |     5 |    43 |    14 |       ||    85
         Other             |       |       |       |    37 |    46 ||    83

Table legend: (Time is in decaauts)
 A = Elapsed time spent in this place.
 B = Non-inter-level travel time spent in this place.
 C = Inter-level travel time spent in this place.
 D = Time resting spent in this place.
 E = Time spent auto-exploring this place.
 F = Levels seen in this place.
 G = Mean time per level.
                   A        B        C        D        E       F      G
               +--------+--------+--------+--------+--------+-----+--------+
         Total |  20561 |  19207 |   1354 |      0 |  15230 |  17 | 1209.5 |
       Dungeon |  11111 |  10197 |    914 |      0 |   8199 |  10 | 1111.1 |
        Temple |     10 |     10 |      0 |      0 |      0 |   1 |   10.0 |
          Lair |   9211 |   8772 |    439 |      0 |   6913 |   5 | 1842.2 |
         Swamp |    227 |    227 |      0 |      0 |    118 |   1 |  227.0 |
               +--------+--------+--------+--------+--------+-----+--------+

Top non-repeatable levels by time:
  Lair:1: 1993 daAuts
  Lair:5: 1988 daAuts
  Lair:4: 1979 daAuts
  Lair:3: 1730 daAuts
     D:3: 1599 daAuts
     D:5: 1594 daAuts
  Lair:2: 1519 daAuts
     D:6: 1369 daAuts
     D:8: 1251 daAuts
     D:7: 1105 daAuts
     D:4: 980 daAuts
     D:1: 937 daAuts
    D:10: 911 daAuts
     D:2: 897 daAuts
     D:9: 465 daAuts
